 Dungeon Crawl Stone Soup version 0.27.1-33-g824d729ab1 (webtiles) character file.

Game seed: 4562524576055387577

130 pkoi the Insei (level 4, -15/38 HPs)
             Began as a Draconian Monk on Dec 28, 2021.
             Killed by divine providence
             ... invoked by an orc priest
              (16 damage)
             ... on level 3 of the Dungeon.
             The game lasted 00:01:58 (2568 turns).

pkoi the Insei (Draconian Monk)                     Turns: 2568, Time: 00:01:59

Health: -15/38     AC:  5    Str: 19    XL:     4   Next: 90%
Magic:  4/4        EV: 12    Int: 11    God:
Gold:   145        SH:  0    Dex: 14    Spells: 3/3 levels left

rFire    . . .     SeeInvis .     - Unarmed
rCold    . . .     Faith    .   (no shield)
rNeg     + . .     Spirit   .   (armour unavailable)
rPois    .         Reflect  .   (helmet restricted)
rElec    .         Harm     .   (no cloak)
rCorr    .         Rampage  .   (no gloves)
Will     .....                  (no boots)
Stlth    ++........             (no amulet)
HPRegen  0.12/turn              b - +6 ring of strength
MPRegen  0.09/turn              g - ring of positive energy

@: no status effects
A: AC +5, unfitting armour, cold-blooded
a: no special abilities


You were on level 3 of the Dungeon.
You visited 1 branch of the dungeon, and saw 3 of its levels.

You collected 145 gold pieces.

Inventory:

Hand Weapons
 k - a +0 dagger
Jewellery
 b - a +6 ring of strength (left hand)
 e - a ring of ice
 g - a ring of positive energy (right hand)
Scrolls
 a - a scroll of fear {unknown}
 c - a scroll of blinking {unknown}
 d - a scroll of fog {unknown}
 f - a scroll of noise {unknown}
 h - a scroll of immolation {unknown}
 i - a scroll of teleportation {unknown}
Potions
 j - a potion of heal wounds {unknown}


   Skills:
 - Level 3.2 Fighting
 - Level 2.6 Dodging
 - Level 1.7 Stealth
 + Level 5.7 Unarmed Combat


You had 3 spell levels left.
You didn't know any spells.
Your spell library contained the following spells:

 Spells                   Type           Power      Damage    Failure   Level
 Tukima's Dance           Hex            0%         N/A       71%         3
 Passage of Golubria      Tloc           N/A        N/A       98%         4
 Yara's Violent Unravell  Hex/Tmut       0%         3d3       100%        5


Dungeon Overview and Level Annotations

Branches:
Dungeon (3/15)

Altars:

Shops:
D:1 :*!


Innate Abilities, Weirdness & Mutations

Your plain brown scales are hard. (AC +5)
You cannot fit into any form of body armour.
You are cold-blooded and may be slowed by cold attacks.


Message History

The orc is heavily wounded.
You feel sick. The orc barely misses you.
You hit the orc.
You kill the orc!
You feel sick.
You punch the hobgoblin!
You kill the hobgoblin!
You feel sick.
The orc priest calls down the wrath of Beogh upon you.
Beogh smites you!
* * * LOW HITPOINT WARNING * * *
You are too injured to fight recklessly!
You are too injured to fight recklessly!
You are too injured to fight recklessly!
You are too injured to fight recklessly!
You are too injured to fight recklessly!
You are too injured to fight recklessly!
You are too injured to fight recklessly!
You are too injured to fight recklessly!
You are too injured to fight recklessly!
You are too injured to fight recklessly!
You are too injured to fight recklessly!
You are too injured to fight recklessly!
You are too injured to fight recklessly!
You are too injured to fight recklessly!
You are too injured to fight recklessly!
You are too injured to fight recklessly!
You are too injured to fight recklessly!
Unknown command.
You feel sick.
You feel sick.
You feel sick.
You are no longer poisoned.
There is a stone staircase leading down here.
The orc priest calls down the wrath of Beogh upon you.
Beogh smites you!
* * * LOW HITPOINT WARNING * * *
The orc priest mumbles some strange prayers to Beogh against you.
Beogh smites you!
You die...

#...#.#.# .# #...#.#.#
....# #...#.#.# #...#
#...#.#.# #...#
#...#.#.# #...#
#.....#.# ...#
#.#.###.# #..#
#.#.....######..#
#.....@o.o..o.>.#
###############.######
......)o.........
#####o#.#.#######
.....#.# #o#...#.# .)
#..g#.# .. #...#.# .
o...#.#


You could see an orc priest and 2 orcs.

Vanquished Creatures
  6 adders
  2 worms
  3 dart slugs
  An orc (D:3)
  7 bats
  4 endoplasms (D:1)
  2 giant cockroaches
  7 hobgoblins
  3 jackals (D:2)
  A quokka (D:2)
  4 ball pythons
  3 frilled lizards
  8 goblins (D:2)
  8 kobolds
  5 rats
64 creatures vanquished.

Vanquished Creatures (others)
  10 plants (D:2)
10 creatures vanquished.

Grand Total: 74 creatures vanquished

Notes
Turn   | Place    | Note
-------+----------+-------------------------------------------
     0 | D:1      | pkoi the Draconian Monk began the quest for the Orb.
     0 | D:1      | Reached XP level 1. HP: 19/19 MP: 1/1
   109 | D:1      | Found Guiloul's Distillery.
   187 | D:1      | Found a faded altar of an unknown god.
   309 | D:1      | Found Penijouw's Assorted Antiques.
   312 | D:1      | Reached XP level 2. HP: 22/26 MP: 2/2
   415 | D:1      | Found Jej Uroen's Book Shop.
   560 | D:1      | Reached skill level 4 in Unarmed Combat
   921 | D:2      | Reached XP level 3. HP: 16/31 MP: 3/3
  1386 | D:2      | Reached XP level 4. HP: 34/38 MP: 4/4
  1413 | D:2      | Reached skill level 5 in Unarmed Combat
  2565 | D:3      | HP: 1/38 [orc priest/divine providence (14)]
  2568 | D:3      | Killed from afar by an orc priest

Illustrated notes

Levels and vault maps discovered:
D:1:      psy_arrival_radial01, layout_basic, serial_shops, shop, shop_statue,
          nicolae_shop_overgrown_old_shop, ebering_ecumenical_altar_abandoned,
          roderic_serpentine_path
D:2:      kennysheep_the_goblin_king, layout_rooms, serial_bayou_pond_c,
          minmay_tromino_v4_c
D:3:      layout_basic

Skill      XL: |  1  2  3  4 |
---------------+-------------+-----
Unarmed Combat | 4 5 |  5.7
Fighting       | |  3.2
Dodging        | |  2.6
Stealth        | |  1.7

Action                   |  1- 3 |  4- 6 || total
-------------------------+-------+-------++-------
Melee: Unarmed           |   119 |    81 ||   200
       Tailslap          |     8 |     8 ||    16
       Punch             |     3 |     2 ||     5
 Stab: Sleeping          |     1 |     2 ||     3
       Distracted        |       |     1 ||     1
Armor: Skin              |    29 |    25 ||    54
Dodge: Dodged            |    69 |    53 ||   122
